 Dungeon Crawl Stone Soup version 0.27-a0-96-gb51a1d6fd6 (webtiles) character file.

Game seed: 12713336134910818488

527 knot the Chopper (level 7, 41/52 HPs)
             Began as a Demonspawn Berserker on Jan 19, 2021.
             Was a Priest of Trog.
             Quit the game on level 4 of the Dungeon.
             The game lasted 00:04:28 (4533 turns).

knot the Chopper (Demonspawn Berserker)             Turns: 4533, Time: 00:04:28

Health: 41/52      AC:  6    Str: 18    XL:     7   Next: 3%
Magic:  7/7        EV: 12    Int: 10    God:    Trog [***...]
Gold:   55         SH:  0    Dex: 18    Spells: 6/6 levels left

rFire    . . .     SeeInvis .   u - +1 war axe (elec)
rCold    . . .     Faith    .   (no shield)
rNeg     . . .     Spirit   +   q - -1 leather armour (curse)
rPois    .         Reflect  .   f - +0 hat
rElec    .         Harm     .   o - +2 cloak {Stlth+}
rCorr    .         Rampage  .   v - +0 pair of gloves
Will     .....                  (no boots)
Stlth    ++........             (no amulet)
HPRegen  0.17/turn              m - +6 ring of dexterity
MPRegen  0.20/turn              w - ring of stealth

@: no status effects
A: powered by pain 1, magic shield, magic regeneration, magic link
a: Renounce Religion, Berserk, Trog's Hand


You were on level 4 of the Dungeon.
You worshipped Trog.
Trog was most pleased with you.
You visited 1 branch of the dungeon, and saw 4 of its levels.

You collected 55 gold pieces.

Inventory:

Hand Weapons
 u - a +1 war axe of electrocution (weapon)
Missiles
 c - 42 sling bullets
 d - 112 stones
 j - 28 poisoned darts (quivered)
 t - 12 javelins
 y - 7 boomerangs
Armour
 f - a +0 hat (worn)
 o - a +2 cloak of stealth (worn)
 q - a cursed -1 leather armour (worn)
 v - a +0 pair of gloves (worn)
 z - the cursed +1 scale mail "Pasajeokhle" {*Slow MP+9 Dex+7 Stlth+, unknown}
   (You found it on level 4 of the Dungeon)

   It affects your dexterity (+7).
   It affects your magic capacity (+9).
   It may slow you when you take damage.
   It makes you more stealthy.
   It has a curse placed upon it.
Jewellery
 m - a +6 ring of dexterity (left hand)
 w - a ring of stealth (right hand)
Scrolls
 g - 2 scrolls of amnesia {unknown}
 h - 4 scrolls of identify
 k - 2 scrolls of remove curse {unknown}
 n - 2 scrolls of magic mapping {unknown}
 r - a scroll of enchant weapon {unknown}
 s - a scroll of blinking {unknown}
Potions
 a - a potion of magic {unknown}
 b - a potion of curing
 e - a potion of brilliance {unknown}
 i - a potion of might {unknown}
 x - a potion of degeneration {unknown}


   Skills:
 - Level 3.0 Fighting
 * Level 7.0 Axes
 * Level 2.0 Throwing
 - Level 1.7 Armour
 - Level 1.7 Dodging


You had 6 spell levels left.
You didn't know any spells.
Your spell library was empty.

Dungeon Overview and Level Annotations

Branches:
Dungeon (4/15)
 Temple: D:4-7

Altars:
Elyvilon
Nemelex Xobeh
Xom
Zin
The Shining One


Innate Abilities, Weirdness & Mutations

You sometimes gain a little power by taking damage.
When hurt, damage is shared between your health and your magic reserves.
You regenerate magic rapidly.
When low on magic, you restore magic in place of health.


Message History

No target in view!
You start resting.
An iguana is nearby!
An iguana is nearby!
Things that are here:
a +0 spear; a gnoll corpse The iguana hisses angrily.
The iguana misses you.
You hit the iguana.
The iguana is lightly wounded.
The iguana bites you but does no damage.
You slash the iguana!
You kill the iguana!
Trog accepts your kill.
Your Axes skill increases to level 7!
Your Throwing skill increases to level 2!
You have reached level 7!
Your demonic ancestry asserts itself...
You feel energised by your suffering.
Are you sure you want to abandon this character and quit the game? (Confirm with "yes".)

#.#.# #.#.# #.# #.#.#
#.#.# #.# #.#.# #.#.#
#.# #.#.####.#.# ### #.#
#.#........####.###.##
#.#..###.#...........#
###.#..# #)............)
#......###.######.######
###.#.)@..........#
#.#.####.######.# #.#.#
#.# #.# #.#.# #.# #.#
#.... ... ..# ...... ...
... ########.## .#


There were no monsters in sight!

Vanquished Creatures
  A phantom (D:4)
  An ogre (D:4)
  A howler monkey (D:2)
  2 orc wizards (D:4)
  An orc priest (D:3)
  An iguana (D:4)
  2 worker ants
  5 adders
  3 gnolls
  2 dart slugs (D:1)
  3 leopard geckos
  8 orcs
  5 giant cockroaches
  3 goblins
  7 hobgoblins
  3 jackals (D:2)
  7 kobolds
  A ball python (D:1)
  9 bats
  4 frilled lizards
  A jackal skeleton (D:4)
  8 rats
78 creatures vanquished.

Notes
Turn   | Place    | Note
-------+----------+-------------------------------------------
     0 | D:1      | knot the Demonspawn Berserker began the quest for the Orb.
     0 | D:1      | Reached XP level 1. HP: 18/18 MP: 1/1
   168 | D:1      | Reached skill level 3 in Axes
   201 | D:1      | Gained mutation: When hurt, damage is shared between your
                  | health and your magic reserves. [demonic ancestry]
   201 | D:1      | Reached XP level 2. HP: 24/24 MP: 2/2
  1316 | D:2      | Reached XP level 3. HP: 29/29 MP: 3/3
  1355 | D:2      | Reached ** piety under Trog
  1522 | D:2      | Reached skill level 4 in Axes
  2074 | D:2      | Found a sparkling altar of Nemelex Xobeh.
  2127 | D:2      | Gained mutation: You regenerate magic rapidly. [demonic
                  | ancestry]
  2127 | D:2      | Reached XP level 4. HP: 32/35 MP: 4/4
  2372 | D:2      | Reached skill level 5 in Axes
  2623 | D:2      | Reached XP level 5. HP: 41/41 MP: 5/5
  3392 | D:2      | Found a shimmering altar of Xom.
  3623 | D:3      | Found a glowing golden altar of the Shining One.
  3623 | D:3      | Found a glowing silver altar of Zin.
  3624 | D:3      | Found a white marble altar of Elyvilon.
  4007 | D:4      | Got a fading scale mail
  4302 | D:4      | Noticed a phantom
  4306 | D:4      | Killed a phantom
  4307 | D:4      | Reached skill level 6 in Axes
  4307 | D:4      | Gained mutation: When low on magic, you restore magic in
                  | place of health. [demonic ancestry]
  4307 | D:4      | Reached XP level 6. HP: 44/47 MP: 6/6
  4401 | D:4      | Reached skill level 1 in Throwing
  4407 | D:4      | Reached *** piety under Trog
  4533 | D:4      | Reached skill level 7 in Axes
  4533 | D:4      | Gained mutation: You sometimes gain a little power by
                  | taking damage. [demonic ancestry]
  4533 | D:4      | Reached XP level 7. HP: 41/52 MP: 7/7
  4533 | D:4      | Quit the game

Illustrated notes

Levels and vault maps discovered:
D:1:      arrival_zaba_pyramid, layout_basic, minmay_misc_feat_iff
D:2:      lemuel_upstairs_altar, layout_basic, nemelex_xobeh_ov_fountains_minmay
D:3:      layout_basic, good_gods_temple_1
D:4:      layout_basic, grunt_ministairs_8, grunt_decor_junction

Skill      XL: |  1  2  3  4  5  6 |
---------------+-------------------+-----
Axes           | 3 4 5 6 7 |  7.0
Throwing       | 2 |  2.0
Fighting       | |  3.0
Armour         | |  1.7
Dodging        | |  1.7

Action                   |  1- 3 |  4- 6 |  7- 9 || total
-------------------------+-------+-------+-------++-------
Melee: Hand axe          |   141 |    49 |       ||   190
       War axe           |       |    49 |       ||    49
Throw: Dart              |       |     5 |       ||     5
Invok: Berserk           |     3 |     5 |       ||     8
  Use: Scroll            |       |     3 |       ||     3
       Potion            |       |     1 |       ||     1
 Stab: Sleeping          |     1 |     5 |       ||     6
Armor: Animal skin       |    11 |       |       ||    11
       Leather armour    |    18 |    28 |       ||    46
Dodge: Dodged            |   101 |    77 |       ||   178

Table legend: (Time is in decaauts)
 A = Elapsed time spent in this place.
 B = Non-inter-level travel time spent in this place.
 C = Inter-level travel time spent in this place.
 D = Time resting spent in this place.
 E = Time spent auto-exploring this place.
 F = Levels seen in this place.
 G = Mean time per level.
                   A        B        C        D        E       F      G
               +--------+--------+--------+--------+--------+-----+--------+
         Total |   4639 |   4510 |    129 |   1413 |   2505 |   4 | 1159.8 |
       Dungeon |   4639 |   4510 |    129 |   1413 |   2505 |   4 | 1159.8 |
               +--------+--------+--------+--------+--------+-----+--------+

Top non-repeatable levels by time:
     D:2: 1735 daAuts
     D:1: 1341 daAuts
     D:3: 1296 daAuts
     D:4: 267 daAuts
